cohdb
Replays
Latest Replays
All Replays
Popular Replays
Top Player Replays
Match Explorer
How It Works
Community
CoH3 Stats
Reddit
Sign in to upload your games and track your stats! →
Sign in with Steam
Match 43808979
Unlisted
Match 43808979
Overview
Messages
Build Orders
End
Construct Weapon Support Center
M1919 Machine Gun Team
Bazooka Squad
Engineer Squad
M1919 Machine Gun Team
Infantry Support Center
M3 Armored Personnel Carrier
Construct Barracks
Riflemen Squad
M3 Armored Personnel Carrier
Selects Advanced Infantry Battlegroup
Selects Convert to Ranger Squad
Selects Frontline Medical Station
Frontline Medical Station
M1918 Browning Automatic Rifles
Engineer Squad
Riflemen Squad
Scout Squad
Selects Infantry Assault
Selects Ammunition Storage
Selects M2A1 105mm Howitzer Emplacement
Frontline Medical Station
Engineer Squad
Construct Medical Station
M3 Armored Personnel Carrier
juMjuM^
arik010
큐티큐티킹왕짱
Medic#2
Yeoul
Jarkke
0
0
Comments
sign in to comment!
No comments posted yet!